| TOP OF THE 1ST |
|
Elizabethton Twins batting - Pitching for Princeton Rays : LHP Alex Pritchard
|
|
Pitching: LHP Alex Pritchard
|
|
|
Batting: RHB David McDonald
|
0-0: Called Strike 0-1: Ball 1-1: Foul Ball, location: 2F 1-2: Ball 2-2: Reached on error, E4 (Groundball, 4, EV 85.6 MPH)
|
|
Batting: RHB Ryan Starks
|
0-0: Ball 1-0: Ball 2-0: Called Strike 2-1: Foul Ball, location: 2F 2-2: Foul Ball, location: 2F 2-2: DOUBLE (Flyball, 7LD, EV 108.1 MPH) David McDonald to third
|
|
Batting: RHB Hisao Takei
|
0-0: Ball 1-0: Foul Ball, location: 2F 1-1: Called Strike 1-2: Ground out 6-3 (Groundball, 6, EV 95.0 MPH) David McDonald scores
|
|
Batting: LHB Bill Lorimer
|
0-0: Fly out, F7 (Flyball, 7S, EV 93.1 MPH)
|
|
Batting: RHB Sergio Gomez
|
0-0: Foul Ball, location: 2F 0-1: Called Strike 0-2: Ball 1-2: Ball 2-2: TRIPLE (Flyball, 89XD, EV 91.9 MPH) Ryan Starks scores
|
|
Batting: RHB Antonio Santos
|
0-0: Ball Wild Pitch! Sergio Gomez scores 1-0: Ball 2-0: Ball 3-0: Base on Balls
|
|
Batting: LHB Tim Wilton
|
0-0: Ball 1-0: Ball 2-0: Fly out, F7 (Line Drive, 7S, EV 90.0 MPH)
|
| Top of the 1st over - 3 runs, 2 hits, 1 error, 1 left on base; Elizabethton 3 - Princeton 0 |
| BOTTOM OF THE 1ST |
|
Princeton Rays batting - Pitching for Elizabethton Twins : LHP Chris Smith
|
|
Pitching: LHP Chris Smith
|
|
|
Batting: RHB Toshikatsu Omori
|
0-0: Ball 1-0: Ball 2-0: Ball 3-0: Base on Balls
|
|
Batting: RHB Luis Jara
|
0-0: Ball 1-0: Ball 2-0: Called Strike 2-1: Grounds into double play, 4-6-3 (Groundball, 4, EV 102.5 MPH)
|
|
Batting: RHB Sandoval Serzedelo
|
0-0: Foul Ball, location: 2F 0-1: Swinging Strike 0-2: SINGLE (Flyball, 9LS, EV 96.9 MPH)
|
|
Batting: LHB Ian Cranton
|
0-0: Ball 1-0: Swinging Strike 1-1: Ball 2-1: Ball 3-1: Foul Ball, location: 2F 3-2: Base on Balls Sandoval Serzedelo to second
|
|
Batting: RHB Tony Bonilla
|
0-0: Fly out, F8 (Flyball, 8RXD, EV 81.9 MPH)
|
| Bottom of the 1st over - 0 runs, 1 hit, 0 errors, 2 left on base; Elizabethton 3 - Princeton 0 |
| TOP OF THE 2ND |
|
Elizabethton Twins batting - Pitching for Princeton Rays : LHP Alex Pritchard
|
|
Batting: RHB Ned Scovell
|
0-0: Ball 1-0: Ball 2-0: Called Strike 2-1: Ball 3-1: Base on Balls
|
|
Batting: LHB Joey Zamora
|
0-0: Ball 1-0: Foul Ball, location: 2F 1-1: Ball 2-1: Called Strike 2-2: Foul Ball, location: 2F 2-2: Strikes out swinging
|
|
Batting: RHB David McDonald
|
0-0: Ball 1-0: Foul Ball, location: 2F 1-1: Foul Ball, location: 2F 1-2: Fielders Choice at 2nd, 1-6 (Groundball, 23, EV 72.5 MPH)
|
|
Batting: RHB Ryan Starks
|
0-0: Ball 1-0: Foul Ball, location: 2F 1-1: Ball David McDonald is caught stealing 2nd base 2-4
|
| Top of the 2nd over - 0 runs, 0 hits, 0 errors, 0 left on base; Elizabethton 3 - Princeton 0 |
| BOTTOM OF THE 2ND |
|
Princeton Rays batting - Pitching for Elizabethton Twins : LHP Chris Smith
|
|
Batting: RHB Bobby Ross
|
0-0: Called Strike 0-1: Swinging Strike 0-2: Ball 1-2: Ball 2-2: Ball 3-2: Base on Balls
|
|
Batting: RHB Gabe Wilcoxon
|
0-0: Called Strike 0-1: Ball 1-1: Ball 2-1: 2-RUN HOME RUN (Line Drive, 7LD, EV 92.5 MPH), Distance : 358 ft
|
|
Batting: RHB Gilbert Hoareau
|
0-0: Ball 1-0: Ground out 4-3 (Groundball, 4, EV 82.5 MPH)
|
|
Batting: RHB Ben Saxton
|
0-0: Swinging Strike 0-1: Called Strike 0-2: Strikes out swinging
|
|
Batting: RHB Toshikatsu Omori
|
0-0: Ground out 5-3 (Groundball, 5, EV 85.6 MPH)
|
| Bottom of the 2nd over - 2 runs, 1 hit, 0 errors, 0 left on base; Elizabethton 3 - Princeton 2 |
| TOP OF THE 3RD |
|
Elizabethton Twins batting - Pitching for Princeton Rays : LHP Alex Pritchard
|
|
Batting: RHB Ryan Starks
|
0-0: Called Strike 0-1: Foul Ball, location: 2F 0-2: Ball 1-2: SINGLE (Line Drive, 9LS, EV 90.0 MPH)
|
|
Batting: RHB Hisao Takei
|
0-0: Foul Ball, location: 2F 0-1: Fly out, F9 (Flyball, 9LMF, EV 104.4 MPH)
|
|
Batting: LHB Bill Lorimer
|
0-0: Ball 1-0: Called Strike 1-1: Ball Ryan Starks is caught stealing 2nd base 2-6 2-1: Ball 3-1: SINGLE (Groundball, 15S, EV 76.2 MPH) (infield hit)
|
|
Batting: RHB Sergio Gomez
|
0-0: Ball 1-0: Ball 2-0: Ball 3-0: Called Strike 3-1: Base on Balls Bill Lorimer to second
|
|
Batting: RHB Antonio Santos
|
0-0: Ball 1-0: Foul Ball, location: 2F 1-1: Fly out, F9 (Flyball, 9, EV 96.2 MPH)
|
| Top of the 3rd over - 0 runs, 2 hits, 0 errors, 2 left on base; Elizabethton 3 - Princeton 2 |
| BOTTOM OF THE 3RD |
|
Princeton Rays batting - Pitching for Elizabethton Twins : LHP Chris Smith
|
|
Batting: RHB Luis Jara
|
0-0: Called Strike 0-1: Ball 1-1: Foul Ball, location: 2F 1-2: Fly out, F7 (Flyball, 7S, EV 85.0 MPH)
|
|
Batting: RHB Sandoval Serzedelo
|
0-0: SOLO HOME RUN (Flyball, 7D, EV 101.2 MPH), Distance : 378 ft
|
|
Batting: LHB Ian Cranton
|
0-0: Swinging Strike 0-1: Called Strike 0-2: Ball 1-2: Foul Ball, location: 2F 1-2: Foul Ball, location: 2F 1-2: DOUBLE (Flyball, 89XD, EV 100.6 MPH)
|
|
Batting: RHB Tony Bonilla
|
0-0: Ball 1-0: Ball 2-0: Ground out 5-3 (Groundball, 56, EV 109.4 MPH)
|
|
Batting: RHB Bobby Ross
|
0-0: Ground out 6-3 (Groundball, 6, EV 86.9 MPH)
|
| Bottom of the 3rd over - 1 run, 2 hits, 0 errors, 1 left on base; Elizabethton 3 - Princeton 3 |
| TOP OF THE 4TH |
|
Elizabethton Twins batting - Pitching for Princeton Rays : LHP Alex Pritchard
|
|
Batting: LHB Tim Wilton
|
0-0: Foul Ball, location: 2F 0-1: DOUBLE (Line Drive, 5D, EV 107.5 MPH)
|
|
Batting: RHB Ned Scovell
|
0-0: Ball 1-0: Ball 2-0: Ball 3-0: Swinging Strike 3-1: Swinging Strike 3-2: Ground out 1-5-3 (Groundball, 15S, EV 100.6 MPH) Tim Wilton to third
|
|
Batting: LHB Joey Zamora
|
0-0: Ball 1-0: Ball 2-0: Called Strike 2-1: Swinging Strike 2-2: Ball 3-2: Strikes out swinging
|
|
Batting: RHB David McDonald
|
0-0: Ball 1-0: Ground out 1-3 (Groundball, P, EV 68.8 MPH)
|
| Top of the 4th over - 0 runs, 1 hit, 0 errors, 1 left on base; Elizabethton 3 - Princeton 3 |
| BOTTOM OF THE 4TH |
|
Princeton Rays batting - Pitching for Elizabethton Twins : LHP Chris Smith
|
|
Batting: RHB Gabe Wilcoxon
|
0-0: Ball 1-0: Foul Ball, location: 2F 1-1: Called Strike 1-2: Ball 2-2: Ball 3-2: Strikes out looking
|
|
Batting: RHB Gilbert Hoareau
|
0-0: Ball 1-0: Ground out 4-3 (Groundball, 4M, EV 85.6 MPH)
|
|
Batting: RHB Ben Saxton
|
0-0: Called Strike 0-1: Ball 1-1: Ball 2-1: Called Strike 2-2: Strikes out swinging
|
| Bottom of the 4th over - 0 runs, 0 hits, 0 errors, 0 left on base; Elizabethton 3 - Princeton 3 |
| TOP OF THE 5TH |
|
Elizabethton Twins batting - Pitching for Princeton Rays : LHP Alex Pritchard
|
|
Batting: RHB Ryan Starks
|
0-0: Called Strike 0-1: Foul Ball, location: 2F 0-2: Fly out, F9 (Flyball, 9S, EV 90.6 MPH)
|
|
Batting: RHB Hisao Takei
|
0-0: Called Strike 0-1: Ball 1-1: Swinging Strike 1-2: Fly out, F9 (Line Drive, 9LS, EV 95.0 MPH)
|
|
Batting: LHB Bill Lorimer
|
0-0: Ball 1-0: Ball 2-0: Called Strike 2-1: Foul Ball, location: 2F 2-2: Ball 3-2: SINGLE (Line Drive, 3D, EV 96.2 MPH)
|
|
Pitching: LHP Joel Brown
|
|
|
Batting: RHB Sergio Gomez
|
0-0: Ball Wild Pitch! Bill Lorimer to second 1-0: Ball 2-0: Ball 3-0: Called Strike 3-1: Foul Ball, location: 2F 3-2: Ground out 6-3 (Groundball, 6, EV 87.5 MPH)
|
| Top of the 5th over - 0 runs, 1 hit, 0 errors, 1 left on base; Elizabethton 3 - Princeton 3 |
| BOTTOM OF THE 5TH |
|
Princeton Rays batting - Pitching for Elizabethton Twins : LHP Chris Smith
|
|
Batting: RHB Toshikatsu Omori
|
0-0: Ball 1-0: Ball 2-0: SINGLE (Groundball, 6, EV 97.5 MPH)
|
|
Batting: RHB Luis Jara
|
0-0: Ball 1-0: Foul Ball, location: 2F 1-1: Ball 2-1: Ball 3-1: Called Strike 3-2: Strikes out looking
|
|
Pitching: RHP Brian Waldrip
|
|
|
Batting: RHB Sandoval Serzedelo
|
0-0: Grounds into double play, 4-6-3 (Groundball, 34, EV 88.1 MPH)
|
| Bottom of the 5th over - 0 runs, 1 hit, 0 errors, 0 left on base; Elizabethton 3 - Princeton 3 |
| TOP OF THE 6TH |
|
Elizabethton Twins batting - Pitching for Princeton Rays : LHP Joel Brown
|
|
Batting: RHB Antonio Santos
|
0-0: Ground out 5-3 (Groundball, 56, EV 100.6 MPH)
|
|
Pinch Hitting: RHB Nestor Moreno
|
0-0: Foul Ball, location: 2F 0-1: Called Strike 0-2: Ball 1-2: Ground out 5-3 (Groundball, 56S, EV 80.0 MPH)
|
|
Batting: RHB Ned Scovell
|
0-0: Ball 1-0: Ground out 6-3 (Groundball, 6, EV 93.8 MPH)
|
| Top of the 6th over - 0 runs, 0 hits, 0 errors, 0 left on base; Elizabethton 3 - Princeton 3 |
| BOTTOM OF THE 6TH |
|
Princeton Rays batting - Pitching for Elizabethton Twins : RHP Brian Waldrip
|
|
Now at 1B: Bill Lorimer
|
|
|
Now in CF: Nestor Moreno
|
|
|
Batting: LHB Ian Cranton
|
0-0: Swinging Strike 0-1: Foul Ball, location: 2F 0-2: Ball 1-2: Ball 2-2: Ball 3-2: Base on Balls
|
|
Pinch Hitting: LHB Jonathan Watt
|
0-0: Ball 1-0: Ball 2-0: Ball 3-0: Base on Balls Ian Cranton to second
|
|
Pinch Runner at 2nd Dan Trainer:
|
|
|
Batting: RHB Bobby Ross
|
0-0: Ball 1-0: Swinging Strike 1-1: Ball 2-1: Foul Ball, location: 2F 2-2: Ball 3-2: Foul Ball, location: 2F 3-2: Base on Balls Dan Trainer to third Jonathan Watt to second
|
|
Batting: RHB Gabe Wilcoxon
|
0-0: Called Strike 0-1: Grounds into double play, 3-2-3 (Groundball, 3L, EV 90.0 MPH) Jonathan Watt to third Bobby Ross to second
|
|
Pinch Hitting: RHB Jeff Standridge
|
0-0: Called Strike 0-1: Called Strike 0-2: Ball 1-2: Strikes out swinging
|
| Bottom of the 6th over - 0 runs, 0 hits, 0 errors, 2 left on base; Elizabethton 3 - Princeton 3 |
| TOP OF THE 7TH |
|
Elizabethton Twins batting - Pitching for Princeton Rays : LHP Joel Brown
|
|
Now at 1B: Dave Northam
|
|
|
Now in LF: Cody Gebo
|
|
|
Now in CF: Carlos Ruelas
|
|
|
Batting: LHB Joey Zamora
|
0-0: Ball 1-0: Ball 2-0: Ball 3-0: Called Strike 3-1: Called Strike 3-2: Base on Balls
|
|
Batting: RHB David McDonald
|
0-0: Sac Bunt to 5S - play at first, batter OUT! 5-3 Joey Zamora to second
|
|
Batting: RHB Ryan Starks
|
0-0: Intentional Walk
|
|
Batting: RHB Hisao Takei
|
0-0: Grounds into double play, 3-6-1 (Groundball, 3, EV 103.1 MPH)
|
| Top of the 7th over - 0 runs, 0 hits, 0 errors, 1 left on base; Elizabethton 3 - Princeton 3 |
| BOTTOM OF THE 7TH |
|
Princeton Rays batting - Pitching for Elizabethton Twins : RHP Brian Waldrip
|
|
Pinch Hitting: RHB Willie Acevedo
|
0-0: Ground out 4-3 (Groundball, 4, EV 85.0 MPH)
|
|
Batting: RHB Toshikatsu Omori
|
0-0: Swinging Strike 0-1: Ball 1-1: Foul Ball, location: 2F 1-2: Strikes out swinging
|
|
Batting: RHB Luis Jara
|
0-0: Ball 1-0: Ball 2-0: Called Strike 2-1: Ball 3-1: Foul Ball, location: 2F 3-2: Base on Balls
|
|
Batting: RHB Sandoval Serzedelo
|
0-0: Foul Ball, location: 2F 0-1: Swinging Strike 0-2: Strikes out swinging
|
| Bottom of the 7th over - 0 runs, 0 hits, 0 errors, 1 left on base; Elizabethton 3 - Princeton 3 |
| TOP OF THE 8TH |
|
Elizabethton Twins batting - Pitching for Princeton Rays : LHP Joel Brown
|
|
Now at 2B: Willie Acevedo
|
|
|
Pinch Hitting: RHB Rick Kendall
|
0-0: Ball 1-0: Ball 2-0: Foul Ball, location: 2F 2-1: Ball 3-1: Called Strike 3-2: Base on Balls
|
|
Pitching: RHP Jonathan Holland
|
|
|
Pinch Hitting: LHB Ryuuichi Shintani
|
0-0: Foul Ball, location: 2F 0-1: Ball 1-1: Ball 2-1: Foul Ball, location: 2F 2-2: Ball 3-2: Fielders Choice at 2nd, 4-6 (Groundball, 4, EV 80.6 MPH)
|
|
Pinch Hitting: LHB George Roben
|
0-0: Called Strike 0-1: Foul Ball, location: 2F 0-2: Strikes out swinging
|
|
Batting: RHB Nestor Moreno
|
0-0: Foul Ball, location: 2F 0-1: Called Strike 0-2: SINGLE (Flyball, 5D, EV 89.4 MPH) Ryuuichi Shintani to second
|
|
Batting: RHB Ned Scovell
|
0-0: Fly out, F7 (Flyball, 78M, EV 95.0 MPH)
|
| Top of the 8th over - 0 runs, 1 hit, 0 errors, 2 left on base; Elizabethton 3 - Princeton 3 |
| BOTTOM OF THE 8TH |
|
Princeton Rays batting - Pitching for Elizabethton Twins : RHP Brian Waldrip
|
|
Pitching: LHP Choji Tominaga
|
|
|
Now at 1B: David Ramos
|
|
|
Now at 2B: David McDonald
|
|
|
Now at 3B: Braydon Garland
|
|
|
Now at SS: Ryuuichi Shintani
|
|
|
Batting: LHB Dave Northam
|
0-0: Called Strike 0-1: Ball 1-1: Foul Ball, location: 2F 1-2: Fly out, F9 (Flyball, 9, EV 86.2 MPH)
|
|
Pitching: RHP Curtis Melchert
|
|
|
Pinch Hitting: SHB Omar Cervantes
|
0-0: Foul Ball, location: 2F 0-1: Foul Ball, location: 2F 0-2: Foul Ball, location: 2F 0-2: Ball 1-2: Strikes out swinging
|
|
Batting: RHB Bobby Ross
|
0-0: Swinging Strike 0-1: Ball 1-1: Ball 2-1: SOLO HOME RUN (Flyball, 7D, EV 103.8 MPH), Distance : 370 ft
|
|
Batting: RHB Gabe Wilcoxon
|
0-0: Called Strike 0-1: Ball 1-1: Fly out, F7 (Flyball, 7, EV 81.2 MPH)
|
| Bottom of the 8th over - 1 run, 1 hit, 0 errors, 0 left on base; Elizabethton 3 - Princeton 4 |
| TOP OF THE 9TH |
|
Elizabethton Twins batting - Pitching for Princeton Rays : RHP Jonathan Holland
|
|
Pitching: RHP Matt Roberts
|
|
|
Now in LF: Sandoval Serzedelo
|
|
|
Now in RF: Matt Pena
|
|
|
Batting: LHB Joey Zamora
|
0-0: Ball 1-0: Called Strike 1-1: Ball 2-1: Called Strike 2-2: Ball 3-2: Ground out 4-3 (Groundball, 4D, EV 82.5 MPH)
|
|
Batting: RHB David McDonald
|
0-0: Ball 1-0: Ball 2-0: Ground out 4-3 (Groundball, 4, EV 85.6 MPH)
|
|
Batting: RHB Ryan Starks
|
0-0: Ball 1-0: Ball 2-0: Ball 3-0: Called Strike 3-1: Called Strike 3-2: Base on Balls
|
|
Pinch Hitting: RHB Wil Patterson
|
0-0: Ball 1-0: Ground out 4-3 (Groundball, 4, EV 77.5 MPH)
|
| Top of the 9th over - 0 runs, 0 hits, 0 errors, 1 left on base; Elizabethton 3 - Princeton 4 |
|